 Dungeon Crawl Stone Soup version 0.28-a0-114-g2bf3c13a2f (webtiles) character file.

Game seed: 5479925166901765571

115 magicbymccauley the Skirmisher (level 4, -3/41 HPs)
             Began as a Minotaur Berserker on Aug 12, 2021.
             Was a Believer of Trog.
             Killed from afar by an orc wizard (5 damage)
             ... with a magic dart
             ... on level 3 of the Dungeon.
             The game lasted 00:07:25 (1787 turns).

magicbymccauley the Skirmisher (Minotaur Berserker) Turns: 1787, Time: 00:07:26

Health: -3/41      AC:  9    Str: 22    XL:     4   Next: 68%
Magic:  3/3        EV:  8    Int:  4    God:    Trog [**....]
Gold:   75         SH:  0    Dex: 10    Spells: 3/3 levels left

rFire   . . .      SeeInvis .   a - +0 falchion
rCold   . . .      Faith    .   (no shield)
rNeg    . . .      Spirit   .   f - +0 chain mail
rPois   .          Reflect  .   (helmet restricted)
rElec   .          Harm     .   (no cloak)
rCorr   .          Rampage  .   (no gloves)
Will    .....                   (no boots)
Stlth   ..........              (no amulet)
HPRegen 0.13/turn               (no ring)
MPRegen 0.08/turn               (no ring)

@: hasted, very quick
A: horns 2, retaliatory headbutt
a: Renounce Religion, Berserk, Trog's Hand


You were on level 3 of the Dungeon.
You worshipped Trog.
Trog was pleased with you.
You visited 1 branch of the dungeon, and saw 3 of its levels.

You collected 75 gold pieces.

Inventory:

Hand Weapons
 a - a +0 falchion (weapon)
Missiles
 e - 8 arrows
Armour
 b - a +0 animal skin
 f - a +0 chain mail (worn)
 j - a +0 barding
Jewellery
 k - a ring of protection from cold
Scrolls
 h - a scroll of identify {unknown}
 i - a scroll of blinking {unknown}
 l - a scroll of teleportation {unknown}
 o - a scroll of summoning {unknown}
Potions
 c - a potion of mutation {unknown}
 d - a potion of attraction {unknown}
 g - a potion of brilliance {unknown}
 n - a potion of resistance


   Skills:
 + Level 4.8 Fighting
 + Level 4.8 Long Blades
 + Level 3.1 Armour
 + Level 2.8 Dodging
 + Level 0.5 Stealth


You had 3 spell levels left.
You didn't know any spells.
Your spell library was empty.

Dungeon Overview and Level Annotations

Branches:
Dungeon (3/15)

Altars:


Innate Abilities, Weirdness & Mutations

You have a pair of horns on your head.
You reflexively headbutt those who attack you in melee.


Message History

You hit the orc but do no damage.
The orc is lightly wounded.
You hit the orc but do no damage. You hit the orc.
Your headbutt misses the orc.
The orc is heavily wounded.
The orc hits you but does no damage. The orc hits you with a +0 flail. x2
* * * LOW HITPOINT WARNING * * *
You hit the orc.
You kill the orc!
Trog accepts your kill. Something hits you but does no damage.
The orc hits you but does no damage.
You closely miss the orc. Something hits you but does no damage.
The orc hits you but does no damage. The orc hits you with a +0 flail.
* * * LOW HITPOINT WARNING * * *
Something hits you.
* * * LOW HITPOINT WARNING * * *
The orc hits you with a +0 club.
* * * LOW HITPOINT WARNING * * *
The orc closely misses you. You furiously retaliate!
You headbutt the orc, but do no damage.
You riposte.
You hit the orc. Your headbutt misses the orc.
The orc is severely wounded.
You climb upwards.
Reactivating autopickup.
There is a stone staircase leading down here.
The orc closely misses you.
You climb downwards.
A hobgoblin comes into view.
There is a stone staircase leading up, spattered with blood here.
It was a potion of haste.
You feel yourself speed up.
The hobgoblin shouts!
Something hits you but does no damage.
Deactivating autopickup; reactivate with Ctrl-A.
The orc barely misses you. You furiously retaliate!
You headbutt the orc.
You kill the orc!
Trog accepts your kill.
A goblin comes into view. It is wielding a +0 club.
A magic dart appears from out of thin air!
The magic dart hits you.
You die...

#.#.#.###o≈≈≈≈oP≈ .#
#.#......♣ #.#
#.##.###≈o≈≈P≈≈ #.#
#...# ♣≈P≈≈≈≈ #.#
#.#..# ≈≈≈≈≈≈ #
#.#.#.#.# ≈≈≈≈≈≈≈ ...
#.####.##♣≈≈≈≈≈≈≈
g#...#........P≈≈≈≈≈≈≈
.......@.#....≈♣≈≈≈≈≈≈
.......#..{[).≈PP≈≈≈
..........#<)#♣♣≈≈≈≈
.....#.#..)†.# ≈P≈
.........###g# ≈≈
........## #.# ≈
........ #.# ........
#.# ....##. ..#


You could see a hobgoblin and a goblin.

Vanquished Creatures
  An orc priest (D:3)
  2 adders (D:2)
  4 dart slugs
  6 orcs (D:3)
  4 ball pythons
  3 bats
  5 endoplasms
  2 giant cockroaches
  5 hobgoblins
  6 jackals
  3 kobolds
  2 frilled lizards (D:2)
  9 rats
52 creatures vanquished.

Vanquished Creatures (others)
  15 plants (D:3)
15 creatures vanquished.

Grand Total: 67 creatures vanquished

Notes
Turn   | Place    | Note
-------+----------+-------------------------------------------
     0 | D:1      | magicbymccauley the Minotaur Berserker began the quest for
                  | the Orb.
     0 | D:1      | Reached XP level 1. HP: 19/19 MP: 0/0
   199 | D:1      | Reached XP level 2. HP: 25/27 MP: 1/1
   790 | D:2      | Found a faded altar of an unknown god.
   799 | D:2      | Reached XP level 3. HP: 33/33 MP: 2/2
  1051 | D:2      | Reached ** piety under Trog
  1614 | D:3      | Reached XP level 4. HP: 38/41 MP: 3/3
  1779 | D:3      | HP: 1/41 [orc (3)]
  1787 | D:3      | Killed from afar by an orc wizard

Illustrated notes

Levels and vault maps discovered:
D:1:      dpeg_arrival_ratfight, layout_loops_cross, due_unseen_surprise
D:2:      layout_basic, basic_ecumenical_altar
D:3:      layout_rooms, mainiacjoe_overflow_alcove_2, gammafunk_ghost_cemetery,
          minmay_misc_feat_enclosed, corexii_shack, minivault_23,
          minmay_misc_feat_encased, serial_bayou_lake_a

Skill      XL: |  1  2  3  4 |
---------------+-------------+-----
Long Blades    | 4 |  4.8
Fighting       | 4 |  4.8
Armour         | 3 |  3.1
Dodging        | |  2.8
Stealth        | |  0.5

Action                   |  1- 3 |  4- 6 || total
-------------------------+-------+-------++-------
Melee: Falchion          |    69 |    37 ||   106
       Headbutt          |    15 |     6 ||    21
Invok: Berserk           |     1 |       ||     1
  Use: Potion            |       |     1 ||     1
 Stab: Sleeping          |     1 |       ||     1
Armor: Animal skin       |    10 |       ||    10
       Chain mail        |    14 |    22 ||    36
Dodge: Dodged            |    36 |    18 ||    54
       Rpst.: Falchion   |    11 |     5 ||    16

Table legend: (Time is in decaauts)
 A = Elapsed time spent in this place.
 B = Non-inter-level travel time spent in this place.
 C = Inter-level travel time spent in this place.
 D = Time resting spent in this place.
 E = Time spent auto-exploring this place.
 F = Levels seen in this place.
 G = Mean time per level.
                   A        B        C        D        E       F      G
               +--------+--------+--------+--------+--------+-----+--------+
         Total |   1808 |   1808 |      0 |    119 |    101 |   3 |  602.7 |
       Dungeon |   1808 |   1808 |      0 |    119 |    101 |   3 |  602.7 |
               +--------+--------+--------+--------+--------+-----+--------+

Top non-repeatable levels by time:
     D:2: 902 daAuts
     D:1: 793 daAuts
     D:3: 112 daAuts
